 Dungeon Crawl Stone Soup version 0.27-a0-1590-g15f69828bf (webtiles) character file.

Game seed: 17158045078041554534

11283 Zonian the Covert (level 11, -3/56 HPs)
             Began as a Vine Stalker Conjurer on July 18, 2021.
             Was an Elder of Uskayaw.
             Slain by a wolf (4 damage)
             ... on level 2 of the Lair of Beasts.
             The game lasted 00:27:40 (16575 turns).

Zonian the Covert (Vine Stalker Conjurer)          Turns: 16575, Time: 00:27:41

Health: -3/56      AC:  4    Str:  9    XL:     11   Next: 75%
Magic:  0/23       EV: 15    Int: 18    God:    Uskayaw [****..]
Gold:   660        SH:  5    Dex: 17    Spells: 16/25 levels left

rFire    + + +     SeeInvis .   r - +2 short sword (speed)
rCold    + + .     Faith    .   (no shield)
rNeg     . . .     Spirit   +   a - +2 robe
rPois    +         Reflect  +   (no helmet)
rElec    +         Harm     .   m - scarf {rC+ rF+}
rCorr    +         Rampage  .   (no gloves)
Will     +....                  (no boots)
Stlth    ++++......             t - amulet of reflection
HPRegen  1.18/turn              y - ring of resist corrosion
MPRegen  0.18/turn              N - ring of protection from fire

@: resistant, very slightly contaminated
A: fangs 3, regeneration 1, magic shield, antimagic bite, no potion heal 2
a: Renounce Religion, Stomp, Line Pass


You were on level 2 of the Lair of Beasts.
You worshipped Uskayaw.
Uskayaw was noncommittal.
You visited 3 branches of the dungeon, and saw 13 of its levels.
You also visited: Ossuary.

You collected 660 gold pieces.

Inventory:

Hand Weapons
 c - a +0 dagger
 g - a +2 long sword of pain
 i - a +4 short sword of chaos
 r - a +2 short sword of speed (weapon)
 C - a +1 vampiric dagger
 F - a +0 dagger of speed
 I - a +4 long sword
 J - a +3 vampiric spear
Missiles
 h - 76 poisoned darts
 K - a curare-tipped dart
Armour
 a - a +2 robe (worn)
 m - a scarf of resistance (worn)
 A - a +4 scale mail
 B - a +2 cloak
Magical Staves
 q - a staff of earth
Jewellery
 t - an amulet of reflection (around neck)
 w - an amulet of regeneration
 y - a ring of resist corrosion (left hand)
 N - a ring of protection from fire (right hand)
Wands
 k - a wand of iceblast (9)
 n - a wand of flame (37)
 v - a wand of polymorph (21)
 E - a wand of charming (8)
Scrolls
 x - 2 scrolls of teleportation
 D - a scroll of immolation
 H - a scroll of silence
 M - a scroll of identify
Potions
 b - 4 potions of might
 d - a potion of ambrosia
 e - 5 potions of attraction
 j - 2 potions of heal wounds
 l - 2 potions of flight
 o - 4 potions of curing
 p - a potion of magic {unknown}
 s - 3 potions of lignification
 u - a potion of haste {unknown}
 z - 2 potions of cancellation {unknown}
 G - a potion of brilliance {unknown}
 L - 2 potions of mutation {unknown}


   Skills:
 + Level 5.8 Fighting
 + Level 6.2 Short Blades
 + Level 5.7 Dodging
 + Level 9.2 Stealth
 + Level 7.6 Spellcasting
 + Level 8.7 Conjurations
 + Level 3.1 Translocations
 + Level 5.7 Invocations


You had 16 spell levels left.
You knew the following spells:

 Your Spells              Type           Power      Damage    Failure   Level
a - Magic Dart            Conj           100%       1d8       1%          1
b - Searing Ray           Conj           76%        3d6       1%          2
c - Blink                 Tloc           N/A        N/A       4%          2
d - Iskenderun's Mystic   Conj/Tloc      28%        2d7       9%          4

Your spell library contained the following spells:

 Spells                   Type           Power      Damage    Failure   Level
 Static Discharge         Conj/Air       22%        N/A       2%          2
 Conjure Flame            Conj/Fire      22%        6-21      4%          3
 Dazzling Flash           Conj/Hex       44%        N/A       4%          3
 Lesser Beckoning         Tloc           9%         N/A       9%          3
 Fulminant Prism          Conj/Hex       11%        3d9       17%         4
 Sticky Flame             Conj/Fire      22%        2d4       17%         4
 Ignite Poison            Fire/Tmut/Pois 6%         N/A       30%         3
 Lightning Bolt           Conj/Air       11%        1d24      43%         5
 Manifold Assault         Tloc           18%        N/A       61%         5
 Maxwell's Capacitive Co  Air            3%         ∞         100%        8


Dungeon Overview and Level Annotations

Branches:
Dungeon (10/15)            Temple (1/1) D:5            Lair (2/6) D:10
Ossuary (visited)
  Swamp: Lair:2-4    Shoals: Lair:2-4     Snake: Lair:2-4    Spider: Lair:2-4
    Orc: D:9-12

Altars:
Ashenzari
Cheibriados
Dithmenos
Elyvilon
Fedhas
Gozag
Hepliaklqana
Kikubaaqudgha
Makhleb
Nemelex Xobeh
Okawaru
Qazlal
Ru
Sif Muna
Trog
Uskayaw
Vehumet
Wu Jian
Xom
Yredelemnul
Zin
The Shining One

Portals:
Trove: D:10 (give +2 storm dragon scales)

Annotations:
Lair:2 1 transporter


Innate Abilities, Weirdness & Mutations

You have razor-sharp teeth.
Your natural rate of healing is unusually fast.
When hurt, damage is shared between your health and your magic reserves.
Your bite disrupts and absorbs the magic of your enemies.
Potions cannot restore your health.


Message History

The wolf bites you but does no damage. You block the wolf's attack.
Uskayaw will force your foes to helplessly watch your dance.
Uskayaw prepares the audience for your solo!
The helpless wolf fails to defend itself.
You stick the wolf like a pincushion!!!
You kill the wolf!
The helpless wolf fails to defend itself.
You perforate the wolf like a sieve!!!
You kill the wolf!
The helpless wolf fails to defend itself.
You skewer the wolf like a kebab!!!
You kill the wolf!
The wolf is no longer paralysed. x3
Uskayaw will force your foes to share their pain.
Uskayaw links your audience in an emotional bond!
The wolf barely misses you. The wolf bites you.
* * * LOW HITPOINT WARNING * * *
The wolf misses you. The wolf completely misses you.
The wolf closely misses you.
Casting: Searing Ray (safe; 1% risk of failure)
Confirm with . or Enter, or press ? or * to list all spells.
You miscast Iskenderun's Mystic Blast.
You are very lightly contaminated with residual magic.
Nothing appears to happen.
The wolf misses you. The wolf bites you.
* * * LOW HITPOINT WARNING * * *
The wolf bites you.
* * * LOW HITPOINT WARNING * * *
The wolf bites you!
* * * LOW HITPOINT WARNING * * *
The wolf bites you but does no damage.
Okay, then.
Okay, then.
Okay, then.
Okay, then.
It was a potion of resistance.
You feel protected. The wolf closely misses you. The wolf bites you.
* * * LOW HITPOINT WARNING * * *
The wolf barely misses you. The wolf closely misses you. The wolf bites you.
You die...

#.. ##..........#
..........#....##
...#.####.....##
....######..$..##
................#
..............P##
..............##
.............#
.......@h....#
......hh.†...#
....##.###...#
... #.# ....# ..
#. ...# . .. ...#
... .. ... ...


You could see 3 wolves.

Vanquished Creatures
  A hydra (Lair:1)
  A two-headed ogre (D:8)
  A cyclops (D:9)
  Joseph (D:9)
  Maurice (D:8)
  A cane toad (Lair:1)
  A rime drake (Lair:2)
  A hornet (D:9)
  2 trolls
  Prince Ribbit (D:9)
  Grinder (D:5)
  A shadow (D:9)
  Sigmund (D:5)
  A vampire (D:10)
  Grum (D:8)
  A basilisk (Lair:2)
  7 yaks
  An acid dragon (D:10)
  6 water moccasins
  An ice beast (D:6)
  9 black bears
  A necrophage (D:7)
  An orc warrior (D:9)
  2 sky beasts
  2 ogres
  7 wolves
  A centaur (D:9)
  2 phantoms
  2 elf zombies (Ossuary)
  6 bullfrogs
  2 gnoll sergeants
  3 scorpions
  6 killer bees
  A water moccasin skeleton (D:4)
  4 wights (D:10)
  4 howler monkeys
  3 centaur zombies
  2 hounds
  A human zombie (Ossuary)
  A jelly (D:5)
  8 orc priests
  Ijyb (D:4)
  2 bullfrog skeletons
  2 centaur skeletons
  8 orc wizards
  3 iguanas
  A killer bee zombie (D:9)
  2 mummies (Ossuary)
  7 adders
  4 gnolls
  3 shadow imps
  A white imp (D:7)
  4 adder zombies
  2 worms (D:2)
  A dart slug (D:1)
  32 orcs
  8 endoplasms
  3 giant cockroaches
  7 goblins
  5 hobgoblins
  12 jackals
  11 kobolds
  5 quokkas
  7 ball pythons
  5 bats
  8 frilled lizards
  A goblin zombie (Ossuary)
  6 hobgoblin zombies (Ossuary)
  9 kobold zombies (Ossuary)
  5 orc zombies (Ossuary)
  4 rats
  4 rat zombies (Ossuary)
273 creatures vanquished.

Vanquished Creatures (collateral kills)
  An orc warrior (D:8)
1 creature vanquished.

Vanquished Creatures (others)
  A kobold brigand (D:10)
  38 fungi (D:10)
  48 plants
87 creatures vanquished.

Grand Total: 361 creatures vanquished

Notes
Turn   | Place    | Note
-------+----------+-------------------------------------------
     0 | D:1      | Zonian the Vine Stalker Conjurer began the quest for the
                  | Orb.
     0 | D:1      | Reached XP level 1. HP: 9/9 MP: 4/4
    20 | D:1      | Found a faded altar of an unknown god.
   133 | D:1      | Reached XP level 2. HP: 11/13 MP: 3/6
   958 | D:1      | Reached XP level 3. HP: 16/16 MP: 5/7
  1388 | D:2      | Learned a level 2 spell: Searing Ray
  1734 | D:2      | Found a basalt altar of Yredelemnul.
  2062 | D:2      | Reached skill level 5 in Conjurations
  2114 | D:2      | Gained mutation: Your natural rate of healing is unusually
                  | fast. [Vine Stalker growth]
  2114 | D:2      | Reached XP level 4. HP: 21/21 MP: 9/9
  2547 | D:2      | You fall into a shaft and drop 2 floors!
  2724 | D:3      | Found a hazy altar of Hepliaklqana.
  3603 | D:4      | Reached skill level 3 in Stealth
  3868 | D:4      | Noticed Ijyb
  3896 | D:4      | Killed Ijyb
  3897 | D:4      | Reached XP level 5. HP: 17/24 MP: 1/10
  3996 | D:4      | Noticed an ogre
  4046 | D:4      | Killed an ogre
  4047 | D:4      | Reached skill level 1 in Short Blades
  4047 | D:4      | Reached XP level 6. HP: 29/29 MP: 4/12
  4202 | D:4      | Reached skill level 1 in Fighting
  4202 | D:4      | Reached skill level 4 in Stealth
  4733 | D:4      | Reached XP level 7. HP: 28/33 MP: 3/13
  5350 | D:5      | Entered Level 5 of the Dungeon
  5356 | D:5      | Noticed Grinder
  5366 | D:5      | Killed Grinder
  5957 | D:5      | Gained mutation: You have razor-sharp teeth. [Vine Stalker
                  | growth]
  5957 | D:5      | Reached XP level 8. HP: 38/38 MP: 11/16
  6264 | D:5      | Found a staircase to the Ecumenical Temple.
  6320 | Temple   | Entered the Ecumenical Temple
  6635 | Temple   | Became a worshipper of Uskayaw the Reveller
  6673 | D:5      | Noticed Sigmund
  6787 | D:5      | Reached * piety under Uskayaw
  6994 | D:5      | Reached ** piety under Uskayaw
  6999 | D:5      | Reached *** piety under Uskayaw
  7000 | D:5      | Killed Sigmund
  7001 | D:5      | Reached skill level 5 in Stealth
  7001 | D:5      | Reached skill level 5 in Spellcasting
  7001 | D:5      | Reached skill level 1 in Invocations
  8055 | D:6      | Found a sand-covered staircase.
  8068 | Ossuary  | Entered an ossuary
  8441 | Ossuary  | Reached XP level 9. HP: 44/44 MP: 16/18
  8553 | Ossuary  | Reached **** piety under Uskayaw
  8827 | D:6      | Reached skill level 6 in Stealth
  9616 | D:7      | Noticed a troll
  9627 | D:7      | Killed a troll
 10161 | D:8      | Noticed a two-headed ogre
 10448 | D:8      | Noticed Maurice
 10502 | D:8      | Killed Maurice
 10503 | D:8      | Reached skill level 7 in Stealth
 10503 | D:8      | Reached XP level 10. HP: 26/49 MP: 11/20
 10937 | D:8      | Killed a two-headed ogre
 10938 | D:8      | Reached skill level 5 in Short Blades
 11228 | D:8      | Noticed Grum
 11241 | D:8      | Killed Grum
 11258 | D:8      | Reached ***** piety under Uskayaw
 11973 | D:9      | Noticed Prince Ribbit
 11990 | D:9      | Killed Prince Ribbit
 12772 | D:9      | Reached skill level 8 in Stealth
 12775 | D:9      | Reached skill level 5 in Dodging
 12882 | D:9      | Learned a level 2 spell: Blink
 12887 | D:9      | Learned a level 4 spell: Iskenderun's Mystic Blast
 12944 | D:9      | Reached skill level 5 in Fighting
 13257 | D:9      | Reached skill level 1 in Translocations
 13320 | D:9      | Noticed a cyclops
 13326 | D:9      | Killed a cyclops
 13327 | D:9      | Reached XP level 11. HP: 39/56 MP: 13/22
 13559 | D:9      | Noticed Joseph
 13571 | D:9      | Reached skill level 5 in Invocations
 13577 | D:9      | Killed Joseph
 13659 | D:10     | Entered Level 10 of the Dungeon
 13704 | D:10     | Found a portal to a secret trove of treasure.
 14634 | D:10     | Found a staircase to the Lair.
 14644 | Lair:1   | Entered Level 1 of the Lair of Beasts
 14659 | Lair:1   | You fall into a shaft and drop 1 floor!
 14877 | Lair:1   | Found the +4 skin of Zhor {*Englaciate rC+++ SInv}
 15564 | Lair:1   | Noticed an eight-headed hydra
 15595 | Lair:1   | Killed an eight-headed hydra
 15596 | Lair:1   | Reached skill level 9 in Stealth
 16243 | Lair:2   | Noticed a four-headed hydra
 16260 | Lair:2   | Found a transporter.
 16574 | Lair:2   | HP: 2/56 [wolf (9)]
 16575 | Lair:2   | Slain by a wolf

Illustrated notes

Levels and vault maps discovered:
D:1:      saegor_arrival_simple_d, layout_basic, ebering_ecumenical_altar_rust
D:2:      layout_basic, basic_altar
D:3:      layout_loops_ring, nicolae_hepliaklqana_hazy_memory
D:4:      layout_loops_ring, minmay_a_box_with_orc_wizards_in_it, uniq_ijyb
D:5:      layout_basic, minmay_temple_entry_glassed_door, st_stairs_12,
          minmay_bent, uniq_sigmund, uniq_grinder
D:6:      layout_rooms, lightli_ossuary_entry_decrepit_ruins
D:7:      layout_layer_cave
D:8:      layout_loops_ring, uniq_maurice, uniq_grum
D:9:      layout_roguey, uniq_joseph, uniq_prince_ribbit1
D:10:     layout_cave_pools, due_lair_maze_entry_diamond, enter_trove_0,
          minivault_23
Temple:   roderic_octagonal_lattice_temple
Lair:1:   layout_layer_cave, minivault_27, hellmonk_guarded_unrand_zhor
Lair:2:   layout_regular_city, gammafunk_ghost_wrathful_warriors,
          chequers_serial_rivers_micro_d, minivault_19, uniq_urug

Skill      XL: |  1  2  3  4  5  6  7  8  9 10 11 |
---------------+----------------------------------+-----
Conjurations   | 5 6 7 8 |  8.7
Spellcasting   | 3 4 5 6 7 |  7.6
Stealth        | 3 4 5 7 8 9 |  9.2
Short Blades   | 1 2 3 4 5 6 |  6.2
Fighting       | 1 3 4 5 |  5.8
Dodging        | 2 3 4 5 |  5.7
Invocations    | 2 3 4 5 |  5.7
Translocations | 1 3 |  3.1

Action                   |  1- 3 |  4- 6 |  7- 9 | 10-12 || total
-------------------------+-------+-------+-------+-------++-------
Melee: Bite              |     3 |    17 |    98 |    57 ||   175
       Unarmed           |     1 |       |       |       ||     1
       Dagger            |     8 |       |       |       ||     8
       Short sword       |     1 |    91 |   361 |   235 ||   688
 Cast: Magic Dart        |    84 |    76 |   101 |   159 ||   420
       Searing Ray       |       |     9 |    12 |    22 ||    43
       Blink             |       |       |       |     1 ||     1
Evoke: Wand              |       |       |     4 |     6 ||    10
  Use: Scroll            |       |     4 |    15 |     6 ||    25
       Potion            |       |     2 |     1 |     1 ||     4
 Stab: Sleeping          |     1 |     2 |    10 |     8 ||    21
       Paralysed         |       |       |    11 |    12 ||    23
       Distracted        |       |       |       |     1 ||     1
Armor: Robe              |     3 |    12 |    61 |    39 ||   115
Dodge: Dodged            |     9 |    54 |   157 |   173 ||   393
Block: Other             |       |       |    61 |    43 ||   104
       Reflection        |       |       |     1 |     4 ||     5

Table legend: (Time is in decaauts)
 A = Elapsed time spent in this place.
 B = Non-inter-level travel time spent in this place.
 C = Inter-level travel time spent in this place.
 D = Time resting spent in this place.
 E = Time spent auto-exploring this place.
 F = Levels seen in this place.
 G = Mean time per level.
                   A        B        C        D        E       F      G
               +--------+--------+--------+--------+--------+-----+--------+
         Total |  16325 |  16033 |    292 |   5960 |   7492 |  14 | 1166.1 |
       Dungeon |  13644 |  13386 |    258 |   5189 |   6105 |  10 | 1364.4 |
        Temple |    339 |    315 |     24 |      0 |    264 |   1 |  339.0 |
          Lair |   1905 |   1895 |     10 |    571 |   1118 |   2 |  952.5 |
       Ossuary |    436 |    436 |      0 |    200 |      5 |   1 |  436.0 |
               +--------+--------+--------+--------+--------+-----+--------+

Top non-repeatable levels by time:
     D:5: 2029 daAuts
     D:8: 1917 daAuts
     D:4: 1860 daAuts
  Lair:1: 1529 daAuts
     D:9: 1498 daAuts
     D:2: 1405 daAuts
     D:1: 1142 daAuts
     D:7: 1103 daAuts
    D:10: 954 daAuts
     D:3: 929 daAuts
     D:6: 804 daAuts
 Ossuary: 436 daAuts
  Lair:2: 375 daAuts
  Temple: 339 daAuts
